 Dungeon Crawl Stone Soup version 0.31.0-11-ge490571c62 (webtiles) character file.

Game seed: 3099620210743797120

48 solopath the Ruffian (level 3, -2/26 HPs)
             Began as a Demonspawn Shapeshifter on Feb 3, 2024.
             Slain by a gnoll
             ... wielding a +0 club
              (5 damage)
             ... on level 2 of the Dungeon.
             The game lasted 00:00:58 (863 turns).

solopath the Ruffian (Demonspawn Shapeshifter)       Turns: 863, Time: 00:00:59

Health: -2/26      AC:  2    Str: 16    XL:     3   Next: 50%
Magic:  3/3        EV: 12    Int: 10    God:
Gold:   34         SH:  0    Dex: 12    Spells: 2/2 levels left

rFire   . .          .
                       - Unarmed
rCold   + . .        (no shield)
rNeg    . . .        a - +0 animal skin
rPois   .            (helmet currently unavailable)
rElec   .            (cloak currently unavailable)
rCorr   .            (gloves currently unavailable)
SInv    .            (boots currently unavailable)
Will    .....        (no amulet)
Stlth   +            k - ring of protection from cold
HPRegen 0.24/turn    (no ring)
MPRegen 0.16/turn

%: no passive effects
@: mighty, beast-form
A: beast (slay +1), magic regeneration
a: Begin Untransformation


You were on level 2 of the Dungeon.
You were a hulking beast.
You visited 1 branch of the dungeon, and saw 3 of its levels.

You collected 34 gold pieces.

Inventory:

Armour
 a - a +0 animal skin (worn)
Jewellery
 k - a ring of protection from cold (left hand)
Talismans
 c - a beast talisman
 d - a flux talisman
Scrolls
 f - a scroll of torment {unknown}
 g - a scroll of revelation {unknown}
 h - 2 scrolls of identify {unknown}
 i - a scroll of vulnerability {unknown}
 m - a scroll of fear {unknown}
Potions
 b - a potion of lignification
 j - a potion of magic {unknown}
 l - 2 potions of curing {unknown}
 n - 2 potions of attraction {unknown}


   Skills:
 - Level 1.0 Fighting
 - Level 1.7 Dodging
 * Level 3.7 Unarmed Combat
 + Level 3.1 Shapeshifting


You had 2 spell levels left.
You didn't know any spells.
Your spell library contained the following spells:

 Spells                   Type           Power      Damage    Failure   Level
 Apportation              Tloc           0%         N/A       36%         1
 Jinxbite                 Hex            0%         N/A       50%         2
 Static Discharge         Conj/Air       0%         3-3/arc   50%         2
 Frozen Ramparts          Ice            0%         1d1       75%         3
 Airstrike                Air            0%         2d(0-16)  98%         4
 Leda's Liquefaction      Alch/Erth      0%         N/A       98%         4
 Petrify                  Alch/Erth      0%         N/A       98%         4
 Summon Lightning Spire   Summ/Air       0%         N/A       98%         4
 Alistair's Intoxication  Alch           0%         N/A       100%        5
 Metabolic Englaciation   Hex/Ice        0%         N/A       100%        5


Dungeon Overview and Level Annotations

Branches:
Dungeon (3/15)

Altars:


Innate Abilities, Weirdness & Mutations

You are a hulking beast.
Your limbs bulge with bestial killing power. (Slay +1)
You regenerate magic rapidly.


Message History

There is a stone staircase leading up here.
A gnoll comes into view. It is wielding a +0 whip of flaming.
The gnoll shouts!
A gnoll is nearby! 2 gnolls come into view.
A gnoll is wielding a +0 club and quivering 2 throwing nets.
Found a robe.
The gnoll shouts! x2
A gnoll comes into view. It is wielding a +0 flail.
The gnoll closely misses you.
You closely miss the gnoll.
The gnoll throws a throwing net.
The throwing net hits you.
You become entangled in the net!
You see here a throwing net.
You struggle against the net.
You tear a large gash into the net.
You rip the net and break free!
The gnoll attacks as it pursues you! The gnoll closely misses you.
The gnoll throws a throwing net.
The throwing net hits you.
You become entangled in the net!
You see here a throwing net.
You struggle against the net.
You struggle against the net.
The gnoll closely misses you.
You struggle against the net.
The gnoll hits you with a +0 club. The gnoll hits you with a +0 club!
You rip the net and break free!
The gnoll hits you with a +0 club! The gnoll attacks as it pursues you!
The gnoll barely misses you. x2
The gnoll attacks as it pursues you! The gnoll hits you with a +0 club.
* * * LOW HITPOINT WARNING * * *
There is a stone staircase leading up here.
The gnoll hits you with a +0 club.
* * * LOW HITPOINT WARNING * * *
You climb upwards.
Found a triangular peridot amulet.
There is a stone staircase leading down here.
Unknown command.
It was a potion of might.
You feel very mighty all of a sudden. The gnoll hits you with a +0 club.
You die...

. . ## # #####..
.. ##
##......#########.
#hg.# ........#.
#...# #####.#.
##."# #.#.....
..#######.#.####
..##...<....#
..##.####.### ##
..# #######. .w#
###.... #...#.#


You could see a ribbon worm (asleep) and a gnoll.

Vanquished Creatures
  An adder (D:2)
  A dart slug (D:3)
  An orc (D:3)
  2 ball pythons (D:1)
  4 endoplasms (D:1)
  2 giant cockroaches
  4 goblins
  A hobgoblin (D:1)
  2 jackals (D:1)
  A kobold (D:1)
  4 quokkas
  4 bats
  A frilled lizard (D:1)
  4 rats
32 creatures vanquished.

Notes
Turn   | Place    | Note
-------+----------+-------------------------------------------
     0 | D:1      | solopath the Demonspawn Shapeshifter began the quest for
                  | the Orb.
     0 | D:1      | Reached XP level 1. HP: 15/15 MP: 1/1
   162 | D:1      | Gained mutation: You regenerate magic rapidly. [demonic
                  | ancestry]
   162 | D:1      | Reached XP level 2. HP: 13/21 MP: 2/2
   637 | D:2      | Reached XP level 3. HP: 20/26 MP: 3/3
   724 | D:2      | You fall into a shaft and drop 1 floor!
   863 | D:2      | Slain by a gnoll

Illustrated notes

Levels and vault maps discovered:
D:1:      nagdon_arrival_double_spiral, layout_rooms
D:2:      minmay_door_path, layout_loops_ring, serial_co_window_serial,
          co_window_corner_a, co_window_paths_a, co_window_paths_b,
          co_window_paths_a, co_window_paths_a, co_window_2corner,
          co_window_corner_ca, co_window_corner_b, co_window_broadway_a,
          glass_columns_a, glass_columns_b, glass_columns_c, glass_columns_b,
          glass_columns_b
D:3:      layout_rooms, nicolae_ecumenical_snake_handling, uniq_natasha

Skill      XL: |  1  2 |
---------------+-------+-----
Unarmed Combat | 3 |  3.7
Shapeshifting  | 3 |  3.1
Fighting       | |  1.0
Dodging        | |  1.7

Action                     || total
---------------------------++-------
  Melee: Unarmed           ||    87
    Use: Potion            ||     1
 Armour: Animal skin       ||    50
  Dodge: Dodged            ||    78
